 Dungeon Crawl Stone Soup version 0.29-a0-582-ge82337ba6a (webtiles) character file.

Game seed: 3008892459595935195

4576 happo123 the Grappler (level 10, -8/93 HPs)
             Began as a Troll Transmuter on June 14, 2022.
             Was a Priest of Okawaru.
             Mangled by an orc warrior
             ... wielding a +0 glaive
              (18 damage)
             ... on level 7 of the Dungeon.
             The game lasted 00:32:52 (6554 turns).

happo123 the Grappler (Troll Transmuter)            Turns: 6554, Time: 00:32:52

Health: -8/93      AC: 13    Str: 20    XL:     10   Next: 18%
Magic:  10/14      EV: 12    Int: 13    God:    Okawaru [***...]
Gold:   201        SH:  0    Dex: 10    Spells: 12/15 levels left

rFire   . . .      SeeInvis .     - Unarmed
rCold   . . .      Faith    .   (no shield)
rNeg    . . .      Spirit   .   A - +0 steam dragon scales
rPois   .          Reflect  .   (helmet currently unavailable)
rElec   .          Harm     .   l - +0 cloak
rCorr   .          Rampage  .   (gloves unavailable)
Will    +....                   (boots unavailable)
Stlth   +++.......              (no amulet)
HPRegen 1.05/turn               n - +4 ring of protection
MPRegen 0.14/turn               B - ring of willpower

@: appendages, heroic, wereblooded
A: horns 2, talons 2, large, unfitting armour, claws 3, regeneration 1, shaggy
fur 1, tough skin 1
a: End Transformation, Renounce Religion, Heroism


You were on level 7 of the Dungeon.
You worshipped Okawaru.
Okawaru was most pleased with you.
You had temporarily grown beastly horns and talons.
You visited 2 branches of the dungeon, and saw 8 of its levels.
You also visited: Sewer.

You collected 333 gold pieces.
You spent 132 gold pieces at shops.

Inventory:

Armour
 a - a +0 robe
 l - a +0 cloak (worn)
 x - a +1 hat (melded)
 A - +0 steam dragon scales (worn)
Jewellery
 n - a +4 ring of protection (left claw)
 B - a ring of willpower (right claw)
 G - a +6 ring of dexterity
 H - a ring of willpower
Wands
 p - a wand of flame (14)
 t - a wand of acid (8)
 y - a wand of digging (5)
 z - a wand of polymorph (5)
Scrolls
 c - a scroll of enchant weapon {unknown}
 e - 5 scrolls of teleportation {unknown}
 f - a scroll of identify
 h - a scroll of torment {unknown}
 j - 2 scrolls of poison
 m - a scroll of immolation {unknown}
 r - 4 scrolls of vulnerability
 s - a scroll of amnesia {unknown}
 u - a scroll of enchant armour {unknown}
 v - 2 scrolls of noise
 C - a scroll of fear {unknown}
 D - a scroll of summoning {unknown}
 F - a scroll of blinking {unknown}
Potions
 b - 4 potions of lignification
 d - 5 potions of might {unknown}
 g - 3 potions of heal wounds {unknown}
 i - a potion of attraction {unknown}
 k - a potion of magic {unknown}
 o - 2 potions of mutation {unknown}
 q - 2 potions of haste {unknown}
 w - 3 potions of curing
 E - a potion of cancellation {unknown}


   Skills:
 + Level 4.2(9.2) Fighting
 + Level 4.5(9.5) Dodging
 * Level 8.0(13.0) Unarmed Combat
 + Level 3.3 Spellcasting
 * Level 5.7 Transmutations
 + Level 3.5 Ice Magic
 + Level 2.8 Invocations


You had 12 spell levels left.
You knew the following spells:

 Your Spells              Type           Power      Damage    Failure   Level
a - Beastly Appendage     Tmut           34%        N/A       1%          1
b - Wereblood             Tmut           17%        N/A       3%          2

Your spell library contained the following spells:

 Spells                   Type           Power      Damage    Failure   Level
 Ozocubu's Armour         Ice            11%        N/A       16%         3
 Spider Form              Tmut/Pois      9%         N/A       21%         3
 Apportation              Tloc           4%         N/A       22%         1
 Necrotize                Necr           8%         1d4       22%         1
 Ice Form                 Ice/Tmut       14%        N/A       32%         4
 Blade Hands              Tmut           8%         N/A       50%         5
 Dazzling Flash           Conj/Hex       4%         N/A       54%         3
 Portal Projectile        Hex/Tloc       4%         N/A       54%         3
 Vampiric Draining        Necr           2%         2d6       54%         3
 Metabolic Englaciation   Hex/Ice        3%         N/A       96%         5
 Agony                    Necr           2%         N/A       99%         5
 Silence                  Hex/Air        1%         N/A       99%         5
 Summon Small Mammal      Summ           Unusable   N/A       N/A         1
 Tukima's Dance           Hex            Unusable   N/A       N/A         3
 Simulacrum               Ice/Necr       Unusable   N/A       N/A         6
 Malign Gateway           Summ/Tloc      Unusable   N/A       N/A         7
 Summon Horrible Things   Summ           Unusable   N/A       N/A         8

Dungeon Overview and Level Annotations

Branches:
Dungeon (7/15)             Temple (1/1) D:5           Sewer (visited)

Altars:
Ashenzari
Cheibriados
Dithmenos
Elyvilon
Fedhas
Gozag
Hepliaklqana
Kikubaaqudgha
Makhleb
Nemelex Xobeh
Okawaru
Qazlal
Ru
Sif Muna
Trog
Uskayaw
Vehumet
Wu Jian
Xom
Yredelemnul
Zin
The Shining One

Shops:
D:1 [   D:7 [

Annotations:
D:7 Duvessa


Innate Abilities, Weirdness & Mutations

You have temporarily grown beastly horns and talons.
You are too large for most types of armour.
You have claws for hands.
Your natural rate of healing is unusually fast.
You are covered in fur. (AC +1)
You have tough skin. (AC +1)


Message History

Your blood is infused with primal strength.
An orc comes into view. It is wielding a +0 hand axe.
You gain the combat prowess of a mighty hero.
Dowan points at you and mumbles some strange words.
The puff of flame hits you.
An orc comes into view. It is wielding a +0 whip of venom.
Dowan casts a spell at you. The puff of frost hits you.
Duvessa hits you with a +0 rapier.
You closely miss Dowan. Your kick misses Dowan.
Dowan hits you but does no damage.
Duvessa drinks a potion.
Duvessa flickers and vanishes!
Deactivating autopickup; reactivate with Ctrl-A.
You mangle Dowan!! You claw Dowan.
Dowan is almost dead.
The orc hits you with a +0 club. Something hits you.
Dowan says, "Magic and the sword, together, will defeat you."
Dowan barely misses you.
You scratch Dowan.
You feel a bit better.
You kill Dowan!
Okawaru accepts your kill.
Something screams in a voice full of rage, "No, no!"
You howl as the wereblood boils in your veins!
Something hits you! The orc barely misses you.
The orc warrior hits you from afar with a +0 glaive!
You scratch something. You claw something. Something hits you.
You scratch something. Your kick misses something.
Your headbutt misses something. Something hits you!
* * * LOW HITPOINT WARNING * * *
The orc closely misses you. The orc warrior closely misses you.
The orc closely misses you.
You barely miss something. Your kick misses something.
Something barely misses you. The orc barely misses you.
The orc warrior hits you from afar with a +0 glaive.
* * * LOW HITPOINT WARNING * * *
You closely miss something. Your headbutt misses something. Something hits you.
* * * LOW HITPOINT WARNING * * *
The orc hits you with a +0 club.
* * * LOW HITPOINT WARNING * * *
The orc warrior hits you from afar with a +0 glaive!!
You die...

##..............#
)#
.................
.................#
.....##/..##....##
##... #...# ....#
### ##...# ...#
#..∩.# ...# #..[.#
#.o@.# ##oo{#
#.oo# .....
#...... #.......
#........
#.........


You could see an orc warrior and 4 orcs.

Vanquished Creatures
  The ghost of snackwell the Changer, a novice NaTm of Nemelex Xobeh (D:6)
  The ghost of CowFu the Insei, a novice GnTm of Qazlal (D:5)
  Joseph (D:7)
  Grinder (D:3)
  Sigmund (D:2)
  2 steam dragons
  2 water moccasins (D:6)
  2 black bears
  2 ogres
  2 ice beasts (D:6)
  A centaur (D:6)
  2 phantoms
  A bullfrog (D:7)
  3 kobold brigands (Sewer)
  4 scorpions
  2 necrophages
  Dowan (D:7)
  5 killer bees (D:5)
  2 howler monkeys
  4 quasits (D:6)
  4 hounds
  A jelly (D:6)
  Crazy Yiuf (D:2)
  A gnoll shaman (D:5)
  Jessica (D:2)
  3 iguanas
  Natasha (thrice) (D:2)
  A hound skeleton (D:5)
  10 adders
  6 gnolls
  6 river rats
  2 white imps
  An ufetubus (D:6)
  A dart slug (D:1)
  A worm (D:6)
  14 orcs
  3 endoplasms
  3 giant cockroaches
  11 goblins
  9 hobgoblins
  8 jackals
  A quokka (D:3)
  10 ball pythons
  3 bats
  3 frilled lizards
  12 kobolds
  16 rats
175 creatures vanquished.

Vanquished Creatures (others)
  11 plants (Sewer)
11 creatures vanquished.

Grand Total: 186 creatures vanquished

Notes
Turn   | Place    | Note
-------+----------+-------------------------------------------
     0 | D:1      | happo123 the Troll Transmuter began the quest for the Orb.
     0 | D:1      | Reached XP level 1. HP: 18/18 MP: 1/1
    86 | D:1      | Reached skill level 1 in Fighting
    86 | D:1      | Reached XP level 2. HP: 27/27 MP: 0/3
   119 | D:1      | Learned a level 2 spell: Wereblood
   332 | D:1      | Reached XP level 3. HP: 33/33 MP: 4/4
   367 | D:1      | Found Caovvuipi's Armour Shop.
  1148 | D:2      | Reached XP level 4. HP: 41/41 MP: 5/5
  1155 | D:2      | Noticed Jessica
  1165 | D:2      | Killed Jessica
  1236 | D:2      | Noticed Natasha
  1241 | D:2      | Killed Natasha
  1318 | D:2      | Noticed Natasha
  1325 | D:2      | Killed Natasha
  1326 | D:2      | Reached XP level 5. HP: 24/48 MP: 4/6
  1350 | D:2      | Noticed Sigmund
  1358 | D:2      | Killed Sigmund
  1359 | D:2      | Reached skill level 4 in Unarmed Combat
  1359 | D:2      | Reached skill level 1 in Ice Magic
  1359 | D:2      | Reached XP level 6. HP: 47/57 MP: 4/7
  1362 | D:2      | Noticed Natasha
  1370 | D:2      | Killed Natasha
  1556 | D:2      | Found a runed translucent door.
  1557 | D:2      | Noticed Crazy Yiuf
  1564 | D:2      | Killed Crazy Yiuf
  1883 | D:3      | Found a faded altar of an unknown god.
  2069 | D:3      | Noticed Grinder
  2076 | D:3      | Paralysed by Grinder for 5 turns
  2095 | D:3      | Killed Grinder
  2096 | D:3      | Reached XP level 7. HP: 54/65 MP: 3/9
  2510 | D:4      | Reached skill level 5 in Unarmed Combat
  3072 | D:1      | Bought a +1 hat for 132 gold pieces
  3221 | D:5      | Entered Level 5 of the Dungeon
  3290 | D:5      | Found a staircase to the Ecumenical Temple.
  3309 | Temple   | Entered the Ecumenical Temple
  3697 | Temple   | Became a worshipper of Warmaster Okawaru
  3833 | D:5      | Reached XP level 8. HP: 43/74 MP: 5/10
  4130 | D:5      | Reached skill level 6 in Unarmed Combat
  4182 | D:5      | Reached * piety under Okawaru
  4232 | D:5      | Found a large runed translucent door.
  4233 | D:5      | Found a large runed translucent door.
  4235 | D:5      | Noticed CowFu's ghost (novice GnTm)
  4598 | D:5      | Found a burning altar of Makhleb.
  4702 | D:5      | Killed CowFu's ghost
  4702 | D:5      | Reached ** piety under Okawaru
  4703 | D:5      | Reached skill level 1 in Invocations
  4703 | D:5      | Reached XP level 9. HP: 70/83 MP: 8/12
  4896 | D:6      | Reached skill level 7 in Unarmed Combat
  4996 | D:6      | Reached skill level 5 in Transmutations
  5046 | D:6      | Found a transporter.
  5094 | D:6      | Found a glowing drain.
  5101 | Sewer    | Entered a sewer
  5194 | Sewer    | Reached *** piety under Okawaru
  5943 | D:6      | Noticed snackwell's ghost (novice NaTm)
  5952 | D:6      | Found a transporter.
  6377 | D:6      | Killed snackwell's ghost
  6378 | D:6      | Reached XP level 10. HP: 92/92 MP: 9/13
  6510 | D:7      | Noticed Joseph
  6527 | D:7      | Killed Joseph
  6528 | D:7      | Reached skill level 8 in Unarmed Combat
  6528 | D:7      | Found Zozuzxu's Antique Armour Shoppe.
  6542 | D:7      | Noticed Dowan
  6544 | D:7      | Noticed Duvessa
  6550 | D:7      | Killed Dowan
  6554 | D:7      | Mangled by an orc warrior

Illustrated notes

Levels and vault maps discovered:
D:1:      lightli_arrival_quake, layout_loops_corners, serial_shops,
          nicolae_shop_advertising_works [nicolae_subvault_shop_adworks],
          hangedman_decor_growths
D:2:      layout_basic, uniq_sigmund, uniq_jessica, uniq_crazy_yiuf_cottage,
          uniq_natasha
D:3:      layout_loops_cross, nicolae_ecumenical_snake_handling, minmay_vboxes,
          uniq_grinder
D:4:      minmay_chambers_of_fours, layout_rooms, cheibrodos_gnoll_hut
D:5:      layout_loops_corners, makhleb_blood_cavern_becter,
          minmay_temple_entry_butterflies, ebering_ghost_disaster_area
D:6:      layout_loops_ring, portal_sewer_entry_e, gammafunk_ghost_stat_death
D:7:      layout_gridville, serial_shops, shop, kennysheep_small_circle,
          uniq_duvessa, uniq_joseph
Temple:   mainiacjoe_temple_trianglar_array

Skill      XL: |  1  2  3  4  5  6  7  8  9 10 |
---------------+-------------------------------+-----
Fighting       | 1 2 3 4 |  4.2
Transmutations | 2 3 4 5 |  5.7
Dodging        | 2 3 4 |  4.5
Unarmed Combat | 4 5 6 7 8 |  8.0
Ice Magic      | 1 2 3 |  3.5
Spellcasting   | 2 3 |  3.3
Invocations    | 1 2 |  2.8

Action                   |  1- 3 |  4- 6 |  7- 9 | 10-12 || total
-------------------------+-------+-------+-------+-------++-------
Melee: Unarmed           |    92 |    59 |   292 |    32 ||   475
       Headbutt          |     3 |     3 |    27 |     3 ||    36
       Kick              |     2 |     5 |    39 |     8 ||    54
       Punch             |     1 |     3 |     9 |     2 ||    15
 Cast: Beastly Appendage |     6 |    10 |    28 |     3 ||    47
       Wereblood         |       |     3 |    11 |     2 ||    16
Invok: Heroism           |       |       |     1 |     1 ||     2
  Use: Scroll            |       |       |       |     4 ||     4
 Stab: Sleeping          |     2 |       |     1 |       ||     3
Armor: Robe              |    40 |    25 |   112 |       ||   177
       Steam dragon scal |       |       |    34 |     5 ||    39
Dodge: Dodged            |    51 |    35 |   158 |    12 ||   256

Table legend: (Time is in decaauts)
 A = Elapsed time spent in this place.
 B = Non-inter-level travel time spent in this place.
 C = Inter-level travel time spent in this place.
 D = Time resting spent in this place.
 E = Time spent auto-exploring this place.
 F = Levels seen in this place.
 G = Mean time per level.
                   A        B        C        D        E       F      G
               +--------+--------+--------+--------+--------+-----+--------+
         Total |   6746 |   5866 |    880 |      0 |   4507 |   9 |  749.6 |
       Dungeon |   5299 |   4457 |    842 |      0 |   3405 |   7 |  757.0 |
        Temple |    410 |    372 |     38 |      0 |    367 |   1 |  410.0 |
         Sewer |   1035 |   1035 |      0 |      0 |    734 |   1 | 1035.0 |
               +--------+--------+--------+--------+--------+-----+--------+

Top non-repeatable levels by time:
     D:1: 1248 daAuts
     D:5: 1109 daAuts
   Sewer: 1035 daAuts
     D:6: 848 daAuts
     D:3: 781 daAuts
     D:2: 611 daAuts
     D:4: 576 daAuts
  Temple: 410 daAuts
     D:7: 123 daAuts
